 Dungeon Crawl Stone Soup version 0.31.0-1-g2c135a0 (webtiles) character file.

Game seed: 12609127987554017834

11 jagoly the Trooper (level 2, -2/19 HPs)
             Began as a Gargoyle Monk on Feb 2, 2024.
             Frozen to death by an endoplasm (5 damage)
             ... on level 1 of the Dungeon.
             The game lasted 00:01:15 (127 turns).

jagoly the Trooper (Gargoyle Monk)                   Turns: 127, Time: 00:01:16

Health: -2/19      AC:  4    Str: 14    XL:     2   Next: 25%
Magic:  2/2        EV: 12    Int: 10    God:
Gold:   30         SH:  0    Dex: 12    Spells: 1/1 levels left

rFire   . . .        a - +0 hand axe
rCold   . . .        d - orb {light}
rNeg    + . .        b - +0 robe
rPois   ∞            (no helmet)
rElec   +            (no cloak)
rCorr   .            (no gloves)
SInv    .            (no boots)
Will    .....        (no amulet)
Stlth   +            (no ring)
HPRegen 0.23/turn    (no ring)
MPRegen 0.08/turn

%: no passive effects
@: glowing
A: sickness immunity, AC +2, negative energy resistance 1, electricity
resistance, torment resistance 1, petrification resistance
a: no special abilities


You were on level 1 of the Dungeon.
You visited 1 branch of the dungeon, and saw 2 of its levels.

You collected 30 gold pieces.

Inventory:

Hand Weapons
 a - a +0 hand axe (weapon)
 h - a +0 spear
Missiles
 f - 6 boomerangs (quivered)
 g - 7 stones
Armour
 b - a +0 robe (worn)
 d - an orb of light (worn)
Scrolls
 e - a scroll of fog {unknown}
Potions
 c - a potion of ambrosia
 i - a potion of haste {unknown}


   Skills:
 + Level 3.4 Fighting
 * Level 3.0 Axes
 + Level 0.6 Armour
 + Level 2.5 Dodging


You had one spell level left.
You didn't know any spells.
Your spell library was empty.

Dungeon Overview and Level Annotations

Branches:
Dungeon (2/15) Zot: 11869

Altars:


Innate Abilities, Weirdness & Mutations

You are immune to sickness and miasma.
Your stone body is resilient. (AC +2)
You are immune to poison.
You resist negative energy. (rN+)
You are resistant to electric shocks. (rElec)
You are resistant to unholy torment.
You are immune to petrification.


Message History

Welcome, jagoly the Gargoyle Monk.
It's a long way down to the Orb of Zot, but that shouldn't be any trouble.
Press ? for a list of commands and other information.
Found a scroll labelled HYCEOSCH RIGYH.
Found a staircase leading out of the dungeon.
e - a scroll labelled HYCEOSCH RIGYH You open the door.
There is an open door here.
You open the door.
There is an open door here.
Found 6 boomerangs.
You see here 6 boomerangs.
f - 6 boomerangs
Found 7 stones.
You see here 7 stones.
g - 7 stones As you open the door, it creaks loudly!
You hear a shout!
A kobold comes into view. It is wielding a +0 short sword.
There is an open door here.
The kobold throws a stone.
The stone hits you but does no damage.
A giant cockroach comes into view.
The kobold hits you but does no damage.
You slash the kobold!
You kill the kobold!
Found a spear.
The giant cockroach barely misses you.
Things that are here:
a +0 short sword; 4 stones You hit the giant cockroach but do no damage.
The giant cockroach closely misses you.
You hit the giant cockroach but do no damage.
The giant cockroach closely misses you.
You hit the giant cockroach.
The giant cockroach is moderately wounded.
The giant cockroach closely misses you. x2
You hit the giant cockroach.
You kill the giant cockroach!
You see here a +0 spear.
h - a +0 spear
Found a stone staircase leading down.
A dart slug comes into view.
Found a gold piece.
Found an escape hatch in the floor.
There is a stone staircase leading down here.
You climb downwards.
The ball python hisses angrily.
Found 17 gold pieces.
There is a stone staircase leading up here.
The ball python bites you. The ball python closely misses you.
You hit the ball python.
The ball python is severely wounded.
The ball python bites you. The ball python closely misses you.
You hit the ball python.
You kill the ball python!
No target in view!
A goblin comes into view. It is wielding a +0 club.
The goblin shouts!
You see here a ball python corpse.
Found 14 gold pieces.
You hit the goblin.
You kill the goblin!
No target in view!
You now have 14 gold pieces.
Found 16 gold pieces.
Found a hand axe.
Found a faded altar of an unknown god.
You now have 30 gold pieces (gained 16).
Found a smoky grey potion.
A ball python comes into view.
The ball python hisses angrily.
There is a faded altar of an unknown god here.
This altar belongs to (a) Zin, (b) Ignis or (c) Makhleb, but you can't tell which.
Press the corresponding letter to learn more about a god, or press enter to convert or escape to cancel.
Okay, then.
The ball python closely misses you. x2
You hit the ball python.
You kill the ball python!
You hit the withered plant.
The withered plant begins to crumble.
You hit the withered plant but do no damage.
You hit the withered plant.
The withered plant begins to crumble.
No target in view!
You see here a ball python corpse.
Found a stone staircase leading up.
The withered plant crumbles away.
i - a smoky grey potion
There is a stone staircase leading up here.
You climb upwards.
The endoplasm quivers.
The dart slug launches a dart at you. The slug dart hits you.
There is a stone staircase leading down here.
The goblin hits you but does no damage. The endoplasm freezes you.
You are frozen.
You hit the goblin.
You kill the goblin!
You hit the endoplasm.
The endoplasm hits you but does no damage.
You hit the endoplasm but do no damage.
The endoplasm is heavily wounded.
The endoplasm completely misses you. The dart slug launches a dart at you.
The slug dart hits you.
* * * LOW HITPOINT WARNING * * *
You are too injured to fight recklessly!
You are too injured to fight recklessly!
You barely miss the rat. You hit the endoplasm but do no damage.
The rat misses you. The endoplasm barely misses you. The rat bites you.
* * * LOW HITPOINT WARNING * * *
The endoplasm barely misses you.
You hit the rat.
You kill the rat!
You hit the endoplasm. The endoplasm barely misses you.
You have reached level 2!
You hit the endoplasm.
You kill the endoplasm!
You hit the dart slug. You hit the dart slug.
The dart slug is heavily wounded.
The dart slug launches a dart at you. The slug dart hits you.
* * * LOW HITPOINT WARNING * * *
You hit the dart slug.
You kill the dart slug!
Your Axes skill increases to level 3!
There is a stone staircase leading down here.
You open the door.
There is an open door here.
You open the door.
A frilled lizard comes into view.
The frilled lizard hisses angrily.
Found 18 gold pieces.
A hobgoblin comes into view.
Found 13 gold pieces.
There is an open door here.
An endoplasm comes into view.
The endoplasm quivers.
The hobgoblin hits you.
* * * LOW HITPOINT WARNING * * *
You hit the hobgoblin but do no damage. The hobgoblin hits you.
* * * LOW HITPOINT WARNING * * *
You hit the hobgoblin but do no damage. The hobgoblin misses you.
You hit the hobgoblin but do no damage. The hobgoblin barely misses you.
The hobgoblin hits you.
* * * LOW HITPOINT WARNING * * *
The endoplasm closely misses you.
You barely miss the hobgoblin. You hit the frilled lizard.
You kill the frilled lizard!
You hit the endoplasm. The hobgoblin hits you.
* * * LOW HITPOINT WARNING * * *
The endoplasm freezes you.
You are frozen.
You die...

.................
#.)............
#.....##.......
#...>..'.......
#....###.......
####.# ....... #.#
#####..
...###'##+#####..
.........†@g......
...$......J.#.....
............# ...
.....$......# .
###+##
........$...#
#.....
....###+###..
#..... #### ...
###+#..... ....
...........
.......##.##


You could see an endoplasm and a hobgoblin.

Vanquished Creatures
  A dart slug (D:1)
  An endoplasm (D:1)
  A giant cockroach (D:1)
  2 goblins
  2 ball pythons (D:2)
  A frilled lizard (D:1)
  A kobold (D:1)
  A rat (D:1)
10 creatures vanquished.

Notes
Turn   | Place    | Note
-------+----------+-------------------------------------------
     0 | D:1      | jagoly the Gargoyle Monk began the quest for the Orb.
     0 | D:1      | Reached XP level 1. HP: 14/14 MP: 1/1
    77 | D:2      | Found a faded altar of an unknown god.
   106 | D:1      | Reached XP level 2. HP: 6/19 MP: 2/2
   127 | D:1      | Frozen to death by an endoplasm

Illustrated notes

Levels and vault maps discovered:
D:1:      dpeg_arrival_yet_another_circle, layout_basic
D:2:      layout_rooms, ebering_ecumenical_altar_petrified

Skill      XL: |  1  2 |
---------------+-------+-----
Axes           | 3 |  3.0
Fighting       | |  3.4
Armour         | |  0.6
Dodging        | |  2.5

Action                     || total
---------------------------++-------
  Melee: Hand axe          ||    20
 Armour: Robe              ||    14
  Dodge: Dodged            ||    17
